 Dungeon Crawl Stone Soup version 0.31-a0-841-g038b102fc3 (webtiles) character file.

Game seed: 15042116966533261271

10395 snarfax the Basher (level 12, -7/115 HPs)
             Began as a Meteoran Fighter on Sept 27, 2023.
             Was an Elder of Elyvilon.
             Mangled by a slime creature (17 damage)
             ... on level 12 of the Dungeon.
             The game lasted 00:29:13 (6820 turns).

snarfax the Basher (Meteoran Fighter)               Turns: 6820, Time: 00:29:14

Health: -7/115     AC:  1    Str: 21    XL:     12   Next: 19%
Magic:  20/20      EV:  7    Int: 12    God:    Elyvilon [****..]
Gold:   725        SH:  7    Dex: 20    Spells: 11/11 levels left

rFire   . . .        E - +4 flail (holy)
rCold   . . .        c - +1 buckler
rNeg    . . .        v - +0 chain mail
rPois   .            (no helmet)
rElec   .            o - +0 cloak
rCorr   .            n - +2 pair of gloves
SInv    .            (no boots)
Will    ++...        g - amulet of the acrobat Stlth
                     h - ring of willpower
HPRegen 0.39/turn    i - +6 ring of dexterity
MPRegen 0.17/turn

%: acrobat
@: corroded, glowing
A: sense surroundings 2, otherworldly, glowing, explore regen
a: Renounce Religion, Purification, Heal Other, Heal Self


You were on level 12 of the Dungeon.
You worshipped Elyvilon.
Elyvilon was greatly pleased with you.
You visited 2 branches of the dungeon, and saw 13 of its levels.
You also visited: Sewer.

You collected 725 gold pieces.

Inventory:

Hand Weapons
 a - a +1 flail
 C - a +0 whip of flaming
 E - a +4 flail of holy wrath (weapon)
Missiles
 p - 31 poisoned darts (quivered)
 w - a curare-tipped dart
Armour
 b - a +0 scale mail
 c - a +1 buckler (worn)
 n - a +2 pair of gloves (worn)
 o - a +0 cloak (worn)
 v - a +0 chain mail (worn)
Jewellery
 g - an amulet of the acrobat (around neck)
 h - a ring of willpower (left hand)
 i - a +6 ring of dexterity (right hand)
 j - the ring of Petzebb {rElec rPois rF- rCorr Str+6 Dex+3}
   (You found it on level 3 of the Dungeon)

   [ring of strength]

   Str+6:     It affects your strength (+6).
   Dex+3:     It affects your dexterity (+3).
   rF-:       It makes you vulnerable to fire.
   rElec:     It insulates you from electricity.
   rPois:     It protects you from poison rCorr: It protects you from acid and
   corrosion.
 k - a ring of positive energy
 G - a +6 ring of intelligence
Wands
 m - a wand of flame (9)
 s - a wand of roots (23)
 y - a wand of mindburst (23)
 B - a wand of quicksilver (11)
Scrolls
 l - 2 scrolls of blinking
 t - 2 scrolls of teleportation
Potions
 d - 2 potions of curing
 e - 2 potions of magic
 f - 4 potions of haste
 q - 2 potions of heal wounds
 r - 2 potions of resistance
 u - a potion of brilliance {unknown}
 x - a potion of invisibility
 z - a potion of mutation {unknown}
 A - a potion of experience {unknown}
 D - 2 potions of attraction
 F - a potion of enlightenment {unknown}


   Skills:
 + Level 13.3 Fighting
 - Level 14.0 Maces & Flails
 - Level 3.2 Armour
 - Level 5.0 Shields
 - Level 10.0 Invocations


You had 11 spell levels left.
You didn't know any spells.
Your spell library contained the following spells:

 Spells                   Type           Power      Damage    Failure   Level
 Shock                    Conj/Air       0%         1d3       96%         1
 Ensorcelled Hibernation  Hex/Ice        0%         N/A       99%         2
 Passwall                 Tmut/Erth      0%         N/A       99%         2
 Gell's Gravitas          Tloc           0%         N/A       100%        3
 Ignite Poison            Fire/Tmut/Pois 0%         N/A       100%        3
 Inner Flame              Hex/Fire       0%         N/A       100%        3
 Ozocubu's Armour         Ice            0%         N/A       100%        3
 Swiftness                Air            0%         N/A       100%        3
 Teleport Other           Tloc           0%         N/A       100%        3
 Airstrike                Air            0%         2d(0-16)  100%        4
 Anguish                  Hex/Necr       0%         N/A       100%        4
 Cause Fear               Hex            0%         N/A       100%        4
 Flame Wave               Conj/Fire      0%         2d4       100%        4
 Sticky Flame             Conj/Fire      0%         2d3       100%        4
 Metabolic Englaciation   Hex/Ice        0%         N/A       100%        5
 Dispersal                Tloc           0%         N/A       100%        6
 Simulacrum               Ice/Necr       0%         N/A       100%        6
 Enfeeble                 Hex            0%         N/A       100%        7
 Ignition                 Fire           0%         3d3       100%        8


Dungeon Overview and Level Annotations

Branches:
Dungeon (12/15) Zot: 860   Temple (1/1) D:4 Zot: 453    Lair (0/5) D:10
    Orc (0/2) D:10          Sewer (visited)

Altars:
Ashenzari
Cheibriados
Dithmenos
Elyvilon
Fedhas
Gozag
Hepliaklqana
Kikubaaqudgha
Nemelex Xobeh
Okawaru
Qazlal
Ru
Sif Muna
Trog
Vehumet
Wu Jian
Xom
Yredelemnul
Zin
The Shining One

Annotations:
D:9 3 runed translucent doors
D:10 1 runed translucent door


Innate Abilities, Weirdness & Mutations

You passively map the area around you.
You are easily found by Zot.
You glow in the dark.
You regain HP and MP as you explore.


Message History

The two-headed ogre shouts in stereo!
You hear an angry buzzing noise. x2
You sock the acid dragon!
The acid dragon is severely wounded.
The acid dragon spits acid at you. The splash of acid hits you.
The acid corrodes you!
The orc wizard gestures wildly while chanting.
The orc wizard flickers and vanishes!
Deactivating autopickup; reactivate with Ctrl-A.
A killer bee comes into view.
There is an open door, spattered with blood here.
Things that are here:
a howler monkey corpse; a howler monkey corpse The acid dragon spits acid at you.
The splash of acid hits you!!
You hear an angry buzzing noise.
You hear a shout!
You hear an angry buzzing noise. x2
The acid dragon spits acid at you. The splash of acid hits you!!
The acid corrodes you!
There is a stone staircase leading down here.
The acid dragon spits acid at you. You block the splash of acid.
You climb downwards.
You hear a distant snort.
Hark!
There is a gateway to a gauntlet on this level.
Find the entrance quickly before the gate is sealed!
Reactivating autopickup.
The slime creature quivers. x3
There is a stone staircase leading up here.
You hit the acid dragon.
The acid dragon is almost dead.
The acid dragon bites you. You block the acid dragon's attack.
You hit the acid dragon.
You kill the acid dragon!
The slime creature hits you!! x2
* * * LOW HITPOINT WARNING * * *
You hit the slime creature.
The slime creature is lightly wounded.
You block the slime creature's attack. The slime creature hits you!
* * * LOW HITPOINT WARNING * * *
The slime creature hits you!
You die...

, , , , , , ,,, ,,
, ,,, , ** , , , ,
, ,,, , , * , , ,
, ,, , ,* , , , ,
, , , , , , , , ,
,,, , * *
############### *
, ,,
...JJ.J@J...... ,
,
.......JJ......,,,
, ,...^...........
, ...............
, ***
+####..........,,
, ,, #.......... ,
, ,, ,
,#...#####+# * ,,
, , ##### , ,* +*
, , , ,, ,


You could see 6 slime creatures.

Vanquished Creatures
  Pikel (D:7)
  A kobold demonologist (D:9)
  2 trolls
  A shadow (D:10)
  2 wraiths
  3 wyverns
  A vampire (D:10)
  24 yaks
  A steam dragon (D:8)
  A vampire mosquito (D:11)
  An acid dragon (D:12)
  2 water moccasins
  3 orc warriors
  A sky beast (D:8)
  2 ice beasts
  3 black bears
  An ogre (D:7)
  5 centaurs
  7 phantoms
  3 kobold brigands
  5 scorpions
  2 bullfrogs
  4 wights (D:5)
  3 killer bees (D:11)
  5 howler monkeys
  2 jellies
  7 orc priests
  Crazy Yiuf (D:3)
  A gnoll bouda (D:9)
  2 hounds
  5 orc wizards
  3 iguanas
  8 ogre zombies (D:10)
  3 gnolls (D:9)
  5 adders
  A shadow imp (D:8)
  2 white imps
  2 ufetubi
  3 dart slugs
  39 orcs
  13 ball pythons
  11 bats
  8 endoplasms
  5 giant cockroaches
  9 goblins
  8 hobgoblins
  2 quokkas (D:1)
  3 frilled lizards
  2 goblin zombies (D:10)
  2 hobgoblin skeletons (D:10)
  2 hobgoblin zombies (D:10)
  29 kobolds
  2 orc skeletons (D:10)
  16 orc zombies (D:10)
  11 rats
291 creatures vanquished.

Vanquished Creatures (others)
  A kobold brigand (D:9)
  An orc priest (D:10)
  An orc wizard (D:5)
  2 orcs (D:9)
  2 kobolds (D:9)
  An orc zombie (D:10)
8 creatures vanquished.

Grand Total: 299 creatures vanquished

Notes
Turn   | Place    | Note
-------+----------+-------------------------------------------
     0 | D:1      | snarfax the Meteoran Fighter began the quest for the Orb.
     0 | D:1      | Reached XP level 1. HP: 19/19 MP: 2/2
    53 | D:1      | Reached skill level 3 in Maces & Flails
    53 | D:1      | Reached XP level 2. HP: 26/26 MP: 3/3
   302 | D:1      | Reached XP level 3. HP: 31/31 MP: 4/4
   481 | D:1      | Glimpsed the power of Zot.
   573 | D:2      | Reached skill level 4 in Maces & Flails
   610 | D:2      | Reached XP level 4. HP: 38/38 MP: 5/5
   695 | D:2      | Found a hazy altar of Hepliaklqana.
   954 | D:3      | Noticed a golden eye
   954 | D:3      | Found a faded altar of an unknown god.
   964 | D:3      | Identified the ring of Petzebb {rElec rPois rF- rCorr Str+6
                  | Dex+3}
   964 | D:3      | Noticed a shining eye
   964 | D:3      | Noticed a shining eye
   964 | D:3      | Noticed an eye of devastation
  1094 | D:3      | Reached XP level 5. HP: 25/45 MP: 6/6
  1123 | D:3      | Reached skill level 5 in Maces & Flails
  1123 | D:3      | Reached skill level 5 in Shields
  1603 | D:3      | Found a runed translucent door.
  1604 | D:3      | Noticed Crazy Yiuf
  1612 | D:3      | Killed Crazy Yiuf
  1613 | D:3      | Reached skill level 6 in Maces & Flails
  1613 | D:3      | Reached XP level 6. HP: 36/51 MP: 7/7
  1650 | D:3      | Glimpsed the power of Zot.
  1799 | D:4      | Reached skill level 7 in Maces & Flails
  1799 | D:4      | Reached XP level 7. HP: 42/57 MP: 8/8
  2055 | D:4      | Found a staircase to the Ecumenical Temple.
  2066 | Temple   | Entered the Ecumenical Temple
  2139 | Temple   | Became a worshipper of Elyvilon the Healer
  2239 | D:5      | Entered Level 5 of the Dungeon
  2261 | D:5      | Reached skill level 8 in Maces & Flails
  2284 | D:5      | Reached skill level 9 in Maces & Flails
  2373 | D:5      | Reached XP level 8. HP: 21/63 MP: 9/9
  2521 | D:5      | Reached skill level 1 in Invocations
  2587 | D:5      | Reached skill level 10 in Maces & Flails
  2678 | D:5      | Reached * piety under Elyvilon
  2846 | D:6      | Found a radiant altar of Vehumet.
  2907 | D:6      | Gained mutation: You passively map the area around you.
                  | [Meteoran growth]
  2907 | D:6      | Reached XP level 9. HP: 70/72 MP: 12/12
  2918 | D:6      | Reached skill level 11 in Maces & Flails
  3109 | D:6      | Found a glowing drain.
  3124 | Sewer    | Entered a sewer
  3394 | D:6      | Reached skill level 5 in Fighting
  3595 | D:6      | Reached skill level 12 in Maces & Flails
  3620 | D:6      | Reached skill level 5 in Invocations
  3811 | D:6      | Reached ** piety under Elyvilon
  3845 | D:6      | Glimpsed the power of Zot.
  4207 | D:7      | Reached XP level 10. HP: 82/83 MP: 15/15
  4269 | D:7      | Reached *** piety under Elyvilon
  4284 | D:7      | Noticed Pikel
  4297 | D:7      | Killed Pikel
  4298 | D:7      | Reached skill level 13 in Maces & Flails
  4306 | D:7      | You fall into a shaft and drop 2 floors!
  4408 | D:9      | Reached skill level 14 in Maces & Flails
  4578 | D:9      | Found a runed translucent gate.
  4578 | D:9      | Found a runed translucent gate.
  4578 | D:9      | Found a runed translucent gate.
  4578 | D:9      | Noticed a death yak
  4578 | D:9      | Noticed a death yak
  4578 | D:9      | Noticed a manticore
  4579 | D:9      | Noticed a death yak
  4579 | D:9      | Found the +5 scythe "Finisher" {speed, execute}
  4653 | D:9      | Found an opulent altar of Gozag.
  4689 | D:9      | Found a sacrificial altar of Ru.
  4811 | D:8      | Reached XP level 11. HP: 38/95 MP: 18/18
  5541 | D:9      | Reached **** piety under Elyvilon
  5647 | D:10     | Entered Level 10 of the Dungeon
  5673 | D:9      | Reached skill level 10 in Invocations
  5692 | D:9      | Reached skill level 10 in Fighting
  5855 | D:10     | Found a staircase to the Orcish Mines.
  5997 | D:10     | Found a staircase to the Lair.
  6206 | D:10     | Noticed a deep elf zephyrmancer
  6206 | D:10     | Noticed a stone giant
  6207 | D:10     | Found a runed translucent door.
  6208 | D:10     | Noticed an ettin
  6355 | D:10     | Glimpsed the power of Zot.
  6405 | D:10     | Glimpsed the power of Zot.
  6541 | D:11     | Noticed a boulder beetle
  6654 | D:11     | Reached XP level 12. HP: 64/113 MP: 20/20
  6728 | D:11     | Noticed a two-headed ogre
  6806 | D:11     | Noticed a two-headed ogre
  6820 | D:12     | Mangled by a slime creature

Illustrated notes

Levels and vault maps discovered:
D:1:      minmay_arrival_open_corners, layout_loops_ring, bh_walls_and_bars
D:2:      layout_basic, basic_altar, minmay_pentomino_o2
D:3:      layout_loops_ring, hellmonk_ecumenical_altar_watching_god,
          uniq_crazy_yiuf_cottage
D:4:      cheibrodos_old_hovel, layout_gridville,
          minmay_temple_entry_junction_2, minmay_pentomino_pile, uniq_eustachio,
          uniq_sigmund
D:5:      layout_loops_corners, nicolae_uskayaw_dance_hall
D:6:      layout_basic, amcnicky_altar_gilded, portal_sewer_entry_d,
          minivault_25
D:7:      layout_gridville, uniq_pikel
D:8:      layout_gridville
D:9:      lemuel_bear_cage, layout_cave_pods, mainiacjoe_overflow_two_lobes,
          kennysheep_decorative_pillar
D:10:     minmay_gate_of_8, layout_small_grid, lightli_temple_of_fire,
          grunt_lair_entry_orc_guard_hut, zombieorc2_lemuel
D:11:     layout_roguey, special_room [special_room_orc],
          minmay_alternating_orb, uniq_josephine
D:12:     layout_stronghold, gauntlet_entry_generic, kennysheep_boxes
Temple:   minmay_temple_bridge_d

Skill      XL: |  1  2  3  4  5  6  7  8  9 10 11 12 |
---------------+-------------------------------------+-----
Maces & Flails | 3 4 6 7 9 10 12 14 | 14.0
Shields        | 4 5 |  5.0
Invocations    | 3 5 8 10 | 10.0
Fighting       | 4 6 8 12 13 | 13.3
Armour         | |  3.2

Action                     |  1- 3 |  4- 6 |  7- 9 | 10-12 || total
---------------------------+-------+-------+-------+-------++-------
  Melee: Flail             |    98 |   154 |   380 |   560 ||  1192
  Throw: Dart              |       |       |     5 |    13 ||    18
 Invoke: Heal Self         |       |       |       |     9 ||     9
         Heal Other        |       |       |       |     3 ||     3
    Use: Scroll            |       |     4 |     3 |     9 ||    16
         Potion            |       |     1 |       |     1 ||     2
 Armour: Scale mail        |    43 |   117 |   147 |       ||   307
         Chain mail        |       |       |    67 |   391 ||   458
  Dodge: Dodged            |    50 |   102 |   149 |   187 ||   488
  Block: Buckler           |    26 |    53 |   118 |   162 ||   359

Table legend: (Time is in decaauts)
 A = Elapsed time spent in this place.
 B = Non-inter-level travel time spent in this place.
 C = Inter-level travel time spent in this place.
 D = Time resting spent in this place.
 E = Time spent auto-exploring this place.
 F = Levels seen in this place.
 G = Mean time per level.
                   A        B        C        D        E       F      G
               +--------+--------+--------+--------+--------+-----+--------+
         Total |   6736 |   6397 |    339 |      0 |   3572 |  14 |  481.1 |
       Dungeon |   6338 |   6144 |    194 |      0 |   3440 |  12 |  528.2 |
        Temple |    146 |      1 |    145 |      0 |      0 |   1 |  146.0 |
         Sewer |    251 |    251 |      0 |      0 |    132 |   1 |  251.0 |
               +--------+--------+--------+--------+--------+-----+--------+

Top non-repeatable levels by time:
     D:9: 895 daAuts
     D:6: 789 daAuts
     D:3: 728 daAuts
    D:10: 609 daAuts
     D:5: 602 daAuts
     D:8: 535 daAuts
     D:1: 527 daAuts
     D:2: 463 daAuts
     D:4: 427 daAuts
     D:7: 408 daAuts
    D:11: 348 daAuts
   Sewer: 251 daAuts
  Temple: 146 daAuts
    D:12: 2 daAuts
